 Dungeon Crawl Stone Soup version 0.28.0-53-g5a82cb258f (webtiles) character file.

Game seed: 12636948088088156810

1110 MisterFreud the Covert (level 8, -4/67 HPs)
             Began as a Gnoll Delver on June 15, 2022.
             Was a Believer of Cheibriados.
             Asphyxiated
             ... on level 6 of the Dungeon.
             The game lasted 00:05:12 (5058 turns).

MisterFreud the Covert (Gnoll Delver)               Turns: 5058, Time: 00:05:12

Health: -4/67      AC:  4    Str: 15 (16) XL:     8   Next: 33%
Magic:  12/12      EV: 14    Int: 16 (17) God:    Cheibriados [**....]
Gold:   292        SH:  0    Dex: 16 (19) Spells: 13/13 levels left

rFire   . . .      SeeInvis .   f - +3 short sword (elec)
rCold   . . .      Faith    .   (no shield)
rNeg    . . .      Spirit   .   b - +0 leather armour
rPois   .          Reflect  .   q - +0 helmet
rElec   .          Harm     .   (no cloak)
rCorr   .          Rampage  .   (no gloves)
Will    .....                   (no boots)
Stlth   ++++......              (no amulet)
HPRegen 0.21/turn               (no ring)
MPRegen 0.13/turn               (no ring)

@: lethally poisoned (-4 -> -13), very slow
A: fangs 1, strong nose, distributed training
a: Renounce Religion, Bend Time


You were on level 6 of the Dungeon.
You worshipped Cheibriados.
Cheibriados was pleased with you.
You visited 2 branches of the dungeon, and saw 7 of its levels.

You collected 292 gold pieces.

Inventory:

Hand Weapons
 a - a +0 short sword
 f - a +3 short sword of electrocution (weapon)
 k - a +2 dagger of venom
 p - a +2 short sword of holy wrath
Missiles
 i - 40 poisoned darts (quivered)
Armour
 b - a +0 leather armour (worn)
 q - a +0 helmet (worn)
Jewellery
 v - a ring of flight
 z - a ring of fire
Wands
 g - a wand of digging (3)
 s - a wand of iceblast (5)
 y - a wand of paralysis (7)
Scrolls
 c - 2 scrolls of fog
 d - 5 scrolls of magic mapping
 e - a scroll of fear
 j - 6 scrolls of identify {unknown}
 o - a scroll of teleportation {unknown}
 r - 2 scrolls of amnesia {unknown}
 t - a scroll of vulnerability {unknown}
 w - a scroll of torment {unknown}
Potions
 h - a potion of mutation {unknown}
 l - a potion of degeneration
 m - a potion of resistance {unknown}
 u - a potion of flight {unknown}
 x - a potion of ambrosia {unknown}


   Skills:
 + Level 7.3 Fighting
 + Level 5.6 Short Blades
 + Level 3.2 Long Blades
 + Level 3.2 Axes
 + Level 3.2 Maces & Flails
 + Level 3.2 Polearms
 + Level 3.2 Staves
 + Level 3.2 Slings
 + Level 3.2 Bows
 + Level 3.2 Crossbows
 + Level 3.2 Throwing
 + Level 3.2 Armour
 + Level 5.6 Dodging
 + Level 10.1 Stealth
 + Level 3.2 Shields
 + Level 3.2 Unarmed Combat
 + Level 3.2 Spellcasting
 + Level 2.6 Conjurations
 + Level 2.6 Hexes
 + Level 2.6 Summonings
 + Level 2.6 Necromancy
 + Level 2.6 Translocations
 + Level 2.6 Transmutations
 + Level 2.6 Fire Magic
 + Level 2.6 Ice Magic
 + Level 2.6 Air Magic
 + Level 2.6 Earth Magic
 + Level 2.6 Poison Magic
 + Level 3.5 Invocations
 + Level 3.2 Evocations


You had 13 spell levels left.
You didn't know any spells.
Your spell library contained the following spells:

 Spells                   Type           Power      Damage    Failure   Level
 Ensorcelled Hibernation  Hex/Ice        20%        N/A       12%         2
 Passwall                 Tmut/Erth      8%         N/A       12%         2
 Ignite Poison            Fire/Tmut/Pois 10%        N/A       24%         3
 Mephitic Cloud           Conj/Pois/Air  10%        N/A       24%         3
 Spider Form              Tmut/Pois      10%        N/A       24%         3
 Anguish                  Hex/Necr       5%         N/A       61%         4
 Petrify                  Tmut/Erth      10%        N/A       61%         4
 Sticky Flame             Conj/Fire      10%        2d3       61%         4
 Freezing Cloud           Conj/Ice/Air   5%         6-21      91%         5
 Yara's Violent Unravell  Hex/Tmut       5%         3d4       91%         5


Dungeon Overview and Level Annotations

Branches:
Dungeon (6/15)             Temple (1/1) D:4

Altars:
Cheibriados
Elyvilon
Gozag
Qazlal
Vehumet
Xom

Shops:
D:6 *

Annotations:
D:4 2 transporters, dbhg's ghost, novice MiBe


Innate Abilities, Weirdness & Mutations

You have very sharp teeth.
Your uncanny sense of smell can sniff out nearby items.
Your experience applies equally to all skills.


Message History

You assume a fearsome visage.
The bullfrog looks frightened! x2
The phantom is unaffected.
The bullfrog looks frightened!
The black bear looks frightened!
The centaur looks frightened!
The scorpion looks frightened!
The kobold looks frightened!
The kobold shouts!
The kobold looks frightened!
The phantom closely misses you.
Unknown command.
Unknown command.
You closely miss the phantom.
The phantom is severely damaged.
The kobold seems to regain its courage.
Cornered, the scorpion turns to fight!
The phantom completely misses you.
Unknown command.
You puncture the phantom! Your bite misses the phantom.
The phantom is almost destroyed.
The phantom misses you.
You barely miss the phantom.
The phantom is almost destroyed.
The scorpion stings you.
* * * LOW HITPOINT WARNING * * *
The phantom hits you but does no damage.
Unknown command.
You hit the phantom. Lightning courses through the phantom!!
You destroy the phantom!
Cheibriados thoroughly appreciates the change of pace.
Cheibriados raises the support of your attributes as your movement slows.
The scorpion barely misses you. The kobold closely misses you.
You feel your strength returning.
Unknown command.
Found a thick runed staff and 12 gold pieces.
Found a stone staircase leading up.
The kobold hits you but does no damage.
The kobold brigand throws a curare-tipped dart.
The curare-tipped dart closely misses you.
The scorpion stings you but does no damage.
The kobold barely misses you.
The kobold brigand throws a curare-tipped dart.
The curare-tipped dart hits you.
You are lethally poisoned!
You have difficulty breathing.
You die...

##..........
####.....|..$...
................
............>... #
##..............
##.##......<........
..#..............<.
#........@........
###..........s#####
#8...<......K..##
#............#..#
#.K..∩........###.##
..K.......K....##..#
..KK...8..K....###)#
...............# #.#
.K.............#
#.F.#


You could see a kobold brigand, a scorpion and 2 kobolds.

Vanquished Creatures
  Eustachio (D:4)
  A necrophage (D:5)
  2 ogres
  2 phantoms
  A kobold brigand (D:4)
  A bullfrog (D:6)
  2 scorpions
  A water moccasin zombie (D:5)
  An iguana (D:4)
  3 orc wizards
  Terence (D:2)
  A scorpion zombie (D:5)
  A hound skeleton (D:5)
  2 adders
  A dart slug (D:3)
  9 orcs
  6 bats
  5 endoplasms
  4 giant cockroaches
  4 goblins
  3 hobgoblins
  2 quokkas
  6 ball pythons
  A frilled lizard (D:3)
  23 kobolds
  A rat (D:1)
85 creatures vanquished.

Vanquished Creatures (others)
  71 plants (D:4)
71 creatures vanquished.

Grand Total: 156 creatures vanquished

Notes
Turn   | Place    | Note
-------+----------+-------------------------------------------
     0 | D:5      | Reached skill level 9 in Stealth
     0 | D:5      | MisterFreud the Gnoll Delver began the quest for the Orb.
     0 | D:5      | Reached XP level 1. HP: 23/23 MP: 1/1
     1 | D:6      | Noticed a bullfrog
     1 | D:6      | Noticed a phantom
     1 | D:6      | Noticed a bullfrog
     1 | D:6      | Noticed a bullfrog
     1 | D:6      | Noticed a scorpion
     1 | D:6      | Noticed a kobold brigand
     1 | D:6      | Found Xiuse's General Store.
    48 | D:4      | Found an opulent altar of Gozag.
   176 | D:4      | Reached XP level 2. HP: 29/29 MP: 2/2
   187 | D:3      | Found a radiant altar of Vehumet.
   251 | D:3      | Reached XP level 3. HP: 15/35 MP: 3/3
   653 | D:2      | Found a snail-covered altar of Cheibriados.
   709 | D:2      | Reached skill level 1 in Invocations
   875 | D:2      | Became a worshipper of Cheibriados the Contemplative
  1034 | D:1      | Found a faded altar of an unknown god.
  1053 | D:1      | Got the Reference Book on Shape Shifting and the Volcanoes
  1451 | D:1      | Reached skill level 1 in Long Blades
  1451 | D:1      | Reached skill level 1 in Axes
  1451 | D:1      | Reached skill level 1 in Maces & Flails
  1451 | D:1      | Reached skill level 1 in Polearms
  1451 | D:1      | Reached skill level 1 in Staves
  1451 | D:1      | Reached skill level 1 in Slings
  1451 | D:1      | Reached skill level 1 in Bows
  1451 | D:1      | Reached skill level 1 in Crossbows
  1451 | D:1      | Reached skill level 1 in Throwing
  1451 | D:1      | Reached skill level 1 in Armour
  1451 | D:1      | Reached skill level 1 in Shields
  1451 | D:1      | Reached skill level 1 in Unarmed Combat
  1451 | D:1      | Reached skill level 1 in Spellcasting
  1451 | D:1      | Reached skill level 1 in Evocations
  1792 | D:2      | Noticed Terence
  1794 | D:2      | Killed Terence
  1795 | D:2      | Reached XP level 4. HP: 41/41 MP: 5/5
  2596 | D:3      | Reached * piety under Cheibriados
  2615 | D:3      | Reached skill level 1 in Conjurations
  2615 | D:3      | Reached skill level 1 in Hexes
  2615 | D:3      | Reached skill level 1 in Summonings
  2615 | D:3      | Reached skill level 1 in Necromancy
  2615 | D:3      | Reached skill level 1 in Translocations
  2615 | D:3      | Reached skill level 1 in Transmutations
  2615 | D:3      | Reached skill level 1 in Fire Magic
  2615 | D:3      | Reached skill level 1 in Ice Magic
  2615 | D:3      | Reached skill level 1 in Air Magic
  2615 | D:3      | Reached skill level 1 in Earth Magic
  2615 | D:3      | Reached skill level 1 in Poison Magic
  2627 | D:3      | Reached XP level 5. HP: 34/47 MP: 6/6
  3063 | D:4      | Found a staircase to the Ecumenical Temple.
  3077 | Temple   | Entered the Ecumenical Temple
  3157 | D:4      | Noticed a kobold brigand
  3191 | D:4      | Noticed Eustachio
  3194 | D:4      | Killed Eustachio
  3195 | D:4      | Reached skill level 5 in Short Blades
  3195 | D:4      | Reached skill level 5 in Dodging
  3195 | D:4      | Reached XP level 6. HP: 53/53 MP: 7/9
  3275 | D:4      | Found a transporter.
  3405 | D:4      | Found a transporter.
  3407 | D:4      | Noticed dbhg's ghost (novice MiBe)
  3520 | D:4      | Reached XP level 7. HP: 59/59 MP: 10/10
  3598 | D:4      | Reached ** piety under Cheibriados
  4054 | D:5      | Reached skill level 10 in Stealth
  4284 | D:5      | Reached XP level 8. HP: 48/67 MP: 12/12
  4392 | D:5      | Found a stormy altar of Qazlal.
  5058 | D:6      | Asphyxiated

Illustrated notes

Levels and vault maps discovered:
D:1:      mrwooster_arrival_statue_3, layout_loops_cross,
          hellmonk_ecumenical_altar_zigzags
D:2:      layout_loops_ring, serial_co_window_serial, co_window_paths_b,
          co_window_paths_a, co_window_cross_1, co_window_of_opportunity_a,
          co_window_paths_b, co_window_of_opportunity_a, co_window_corner_a,
          co_window_broadway_c, co_window_corner_ca, co_window_cross_2,
          co_window_paths_e, co_window_4corner_a, glass_columns_c,
          glass_columns_c, basic_altar, uniq_terence
D:3:      layout_basic, fiery_altar_vehumet, serial_rivers,
          chequers_serial_rivers_micro_d, chequers_serial_rivers_small_a,
          chequers_serial_rivers_room_a, chequers_serial_rivers_small_a
D:4:      kennysheep_kobold_camp, layout_basic, lemuel_crystal_altar,
          minmay_temple_entry_nine_rooms, gammafunk_ghost_mausoleum,
          corexii_corridor_pit, chequers_decorated_corner, minmay_distorted,
          uniq_eustachio
D:5:      layout_basic, nicolae_qazlal_scattered_showers,
          mainiacjoe_overflow_alcove_2, chequers_jeans
D:6:      layout_rooms, enter_ossuary_4, minmay_stone_trees_small,
          nicolae_stop_n_shop_1, uniq_menkaure, uniq_pikel
Temple:   minmay_temple_curvy_branch

Skill      XL: |  1  2  3  4  5  6  7  8 |
---------------+-------------------------+-----
Stealth        | 10 | 10.1
Invocations    | 1 2 3 |  3.5
Long Blades    | 1 2 3 |  3.2
Axes           | 1 2 3 |  3.2
Maces & Flails | 1 2 3 |  3.2
Polearms       | 1 2 3 |  3.2
Staves         | 1 2 3 |  3.2
Slings         | 1 2 3 |  3.2
Bows           | 1 2 3 |  3.2
Crossbows      | 1 2 3 |  3.2
Throwing       | 1 2 3 |  3.2
Armour         | 1 2 3 |  3.2
Shields        | 1 2 3 |  3.2
Unarmed Combat | 1 2 3 |  3.2
Spellcasting   | 1 2 3 |  3.2
Evocations     | 1 2 3 |  3.2
Conjurations   | 1 2 |  2.6
Hexes          | 1 2 |  2.6
Summonings     | 1 2 |  2.6
Necromancy     | 1 2 |  2.6
Translocations | 1 2 |  2.6
Transmutations | 1 2 |  2.6
Fire Magic     | 1 2 |  2.6
Ice Magic      | 1 2 |  2.6
Air Magic      | 1 2 |  2.6
Earth Magic    | 1 2 |  2.6
Poison Magic   | 1 2 |  2.6
Short Blades   | 5 |  5.6
Dodging        | 5 |  5.6
Fighting       | 7 |  7.3

Action                   |  1- 3 |  4- 6 |  7- 9 || total
-------------------------+-------+-------+-------++-------
Melee: Short sword       |    10 |       |    85 ||    95
       Dagger            |    47 |    59 |    29 ||   135
       Bite              |     5 |     2 |    10 ||    17
       Punch             |       |     1 |     3 ||     4
  Use: Potion            |       |       |     3 ||     3
       Scroll            |       |       |     2 ||     2
 Stab: Sleeping          |    18 |     7 |     1 ||    26
       Distracted        |       |       |     2 ||     2
Armor: Leather armour    |     7 |    15 |    34 ||    56
Dodge: Dodged            |    24 |    18 |   100 ||   142
